 Dungeon Sprint DCSS version 0.17-a0-1748-g222fba8 (webtiles) character file.

1400000 hexophile the Portalist (level 11, -20/60 HPs)
             Began as a Spriggan Warper on Sept 1, 2015.
             Was an Initiate of Makhleb.
             Demolished by a meat berserker
             ... wielding a +9 battleaxe
              (43 damage)
             ... in the Dungeon (Sprint VIII: "Arena of Blood").
             The game lasted 00:00:53 (14 turns).

hexophile the Portalist (Spriggan Warper)             Turns: 14, Time: 00:00:53

Health: -20/60     AC:  2    Str:  7    XL:     11   Next: 71%
Magic:  5/30       EV: 35    Int: 14    God:    Makhleb [......]
Gold:   0          SH:  0    Dex: 20    Spells: 1 memorised, 37 levels left

rFire  . . .     SeeInvis +     k - +∞ Axe of Woe
rCold  . . .     Clarity  .     a - +0 robe
rNeg   . . .     SustAt   .     (shield restricted)
rPois  .         Gourm    .     (helmet restricted)
rElec  .         Spirit   .     (no cloak)
rCorr  .         Warding  .     (gloves unavailable)
rMut   .         NoTele   +     (boots unavailable)
MR     +....                    (no amulet)
Stlth  ++........               (no ring)
                                (no ring)

@: very quick, somewhat resistant to hostile enchantments, unstealthy
A: unfitting armour, see invisible, herbivore 3, speed 3, slow metabolism 2
a: Renounce Religion


You were in the Dungeon.
You worshipped Makhleb.
Makhleb was noncommittal.
You were not hungry.

You visited 1 branch

Inventory:

Hand weapons
 k - the +∞ Axe of Woe (weapon)
   (You found it in the Dungeon)
Missiles
 d - 3 tomahawks of dispersal (quivered)
Armour
 a - a +0 robe (worn)
Scrolls
 c - 2 scrolls of blinking
Potions
 f - a potion of curing
 g - a potion of heal wounds
 h - a potion of haste
 i - 2 potions of magic
 j - a potion of berserk rage
Books
 b - a book of Spatial Translocations

   Spells                             Type                      Level
   a - Apportation                    Translocation                1
   b - Blink                          Translocation                2
   c - Shroud of Golubria             Charms/Translocation         2
   d - Portal Projectile              Translocation                3
   e - Teleport Other                 Translocation                3
   f - Passage of Golubria            Translocation                4
Comestibles
 e - a bread ration


   Skills:
 + Level 8.3 Fighting
 + Level 5.7 Throwing
 + Level 18.0 Dodging
 + Level 8.4 Unarmed Combat
 + Level 14.1 Spellcasting
 + Level 24.0 Translocations


You had 37 spell levels left.
You knew the following spells:

 Your Spells              Type           Power        Failure   Level  Hunger
a - Apportation           Tloc           ######....   0%          1    None


Dungeon Overview and Level Annotations

Branches:
Dungeon (1/1)

Altars:
Makhleb


Innate Abilities, Weirdness & Mutations

You are tiny and cannot use many weapons and most armour.
You have supernaturally acute eyesight.
You are a herbivore.
You cover ground extremely quickly.
You need consume almost no food.


Message History

You feel agile.
You have reached level 6!
Your experience leads to an increase in your attributes!
Increase (S)trength, (I)ntelligence, or (D)exterity?
You feel agile.
You have reached level 7!
You have reached level 8!
You have reached level 9!
Your experience leads to an increase in your attributes!
Increase (S)trength, (I)ntelligence, or (D)exterity?
You feel agile.
You have reached level 10!
You feel agile.
You have reached level 11!
You hear a shout! x6
The bag of meat completely misses you.
You hear a shout!
The meat berserker hits you with a +9 battleaxe!!!
Ouch! That really hurt!
You die...

#.. ..# #.. ...#
.... .###..
...###....
......###.........
......._.........o
....#.....#.......
. #_.<._#o......
...#.....#......#
......._..@o......
......###oOo......
.###.......###....
#....o..# ...
#.......# .
.........
.....o.....
..........
.........#


You could see a meat berserker (berserk) and 7 bags of meat.

Vanquished Creatures
  An orc (D)
1 creature vanquished.

Notes
Turn   | Place    | Note
--------------------------------------------------------------
     0 | D        | hexophile the Spriggan Warper began the quest for the Orb.
     0 | D        | Reached XP level 1. HP: 10/10 MP: 5/5
     3 | D        | Noticed a bag of meat
     4 | D        | Became a worshipper of Makhleb the Destroyer
     5 | D        | Noticed a bag of meat
     6 | D        | Noticed a bag of meat
     6 | D        | Noticed a bag of meat
     8 | D        | Noticed a bag of meat
     9 | D        | Noticed a bag of meat
    11 | D        | Noticed a meat berserker
    11 | D        | Noticed a bag of meat
    13 | D        | Noticed a bag of meat
    14 | D        | Killed a bag of meat
    14 | D        | Reached skill level 8 in Fighting
    14 | D        | Reached skill level 5 in Throwing
    14 | D        | Reached skill level 18 in Dodging
    14 | D        | Reached skill level 24 in Translocations
    14 | D        | Reached XP level 2. HP: 12/23 MP: 5/18
    14 | D        | Reached XP level 3. HP: 13/26 MP: 5/19
    14 | D        | Reached XP level 4. HP: 15/31 MP: 5/21
    14 | D        | Reached XP level 5. HP: 16/35 MP: 5/22
    14 | D        | Reached XP level 6. HP: 17/39 MP: 5/24
    14 | D        | Reached XP level 7. HP: 19/44 MP: 5/25
    14 | D        | Reached XP level 8. HP: 20/48 MP: 5/27
    14 | D        | Reached XP level 9. HP: 21/52 MP: 5/28
    14 | D        | Reached XP level 10. HP: 22/56 MP: 5/29
    14 | D        | Reached XP level 11. HP: 23/60 MP: 5/30
    14 | D        | Demolished by a meat berserker

Vault maps used:
D:        meatsprint

Action                   |  1- 3 |  4- 6 |  7- 9 | 10-12 || total
-------------------------+-------+-------+-------+-------++-------
Melee: Broad axe         |     1 |       |       |       ||     1
Throw: Tomahawk          |     2 |       |       |       ||     2
